AoeStats
← Señor JP

Arena

510110753Analyzed
4v4 RM · 2d ago on Sep 29, 2026· 44m 49s· 8 players
Game mode
Random Map
Map size
Large (8 player)
Population
200
Speed
Normal
Resources
Standard
Victory
Conquest
Starting age
Dark Age
Ending age
Imperial Age
RankedLock teamsTeams togetherTeam positionsShared explorationLock speedFull tech treeHidden civsTurbo modeCheats
Victory
Defeat
🇨🇳 Chinese · China
1321
+12
🇪🇸 Byzantines · Spain
1271
+14
🇨🇳 Magyars · China
1254
+16
🇨🇳 Hindustanis · China
1246
+15
🇪🇸 Mongols · Spain
1249
-15
🇧🇷 Chinese · Brazil
1248
-15
🇨🇱 Mongols · Chile
1236
-14
🇦🇷 Hindustanis · Argentina
1215
-13
有个小草
10:40 Feudal Age
14:30 Castle Age
13:06 Double-Bit Axe
13:03 Horse Collar
24:37 Fletching
25:14 Gold Mining
29:40 Imperial Age
26:59 Loom
27:58 Bodkin Arrow
28:06 Padded Archer Armor
28:34 Bow Saw
29:32 Scale Mail Armor
29:43 Forging
30:08 Fortified Wall
30:21 Ballistics
30:09 Elite Skirmisher
32:49 Hoardings
33:24 Chemistry
35:55 Gold Shaft Mining
35:11 Stone Mining
36:39 Leather Archer Armor
36:20 Bodkin Arrow
38:39 Ring Archer Armor
38:11 Bracer
39:31 Wheelbarrow
40:19 Two-Man Saw
40:25 Siege Engineers
42:01 Heavy Plow
42:39 Chain Mail Armor
43:00 Iron Casting
42:31 Scale Barding Armor
帝国F.海峰
10:16 Feudal Age
14:44 Castle Age
13:17 Double-Bit Axe
14:56 Horse Collar
15:57 Bow Saw
23:35 Wheelbarrow
23:38 Gold Mining
25:00 Hand Cart
26:47 Gold Shaft Mining
29:05 Imperial Age
26:59 Padded Archer Armor
26:49 Fletching
27:42 Ballistics
27:33 Masonry
28:13 Gold Shaft Mining
28:23 Bodkin Arrow
28:43 Leather Archer Armor
29:12 Husbandry
29:22 Bloodlines
29:23 Thumb Ring
29:07 Heavy Cavalry Archer
30:07 Bracer
31:02 Parthian Tactics
30:49 Recurve Bow
31:58 Two-Man Saw
31:58 Ring Archer Armor
31:57 Heavy Plow
32:50 Conscription
33:46 Chemistry
32:59 Corvinian Army
33:36 Hoardings
33:39 Scale Barding Armor
33:32 Stone Mining
36:51 Chain Barding Armor
36:43 Elite Magyar Huszar
38:34 Plate Barding Armor
名奈奈奈
11:05 Feudal Age
15:25 Castle Age
13:57 Double-Bit Axe
14:05 Horse Collar
16:35 Heavy Plow
21:17 Wheelbarrow
26:47 Imperial Age
24:16 Gold Mining
24:17 Stone Mining
24:50 Scale Mail Armor
25:00 Forging
25:03 Squires
24:49 Arson
24:52 Loom
24:58 Town Watch
25:50 Chain Mail Armor
25:46 Forging
26:15 Forging
27:16 Gold Shaft Mining
26:51 Elite Fire Lancer
27:24 Capped Ram
29:14 Plate Mail Armor
30:47 Iron Casting
30:26 Siege Ram
33:25 Blast Furnace
34:42 Scale Barding Armor
36:36 Chain Barding Armor
37:02 Bow Saw
36:24 Cavalier
37:15 Bloodlines
37:05 Husbandry
38:00 Conscription
39:05 Two-Man Saw
40:19 Stone Shaft Mining
41:12 Plate Barding Armor
41:18 Heavy Rocket Cart
44:31 Chemistry
43:53 Ballistics
43:44 Masonry
44:04 Rocketry
43:55 Arrowslits
44:26 Heavy Scorpion
Provenza
10:48 Feudal Age
16:14 Castle Age
14:52 Double-Bit Axe
16:06 Horse Collar
16:17 Gold Mining
18:01 Bow Saw
22:41 Scale Mail Armor
23:22 Squires
24:24 Chain Mail Armor
26:00 Loom
26:50 Wheelbarrow
27:07 Arson
27:50 Forging
27:28 Gambesons
32:02 Gold Shaft Mining
32:05 Iron Casting
38:20 Imperial Age
38:16 Fletching
38:26 Padded Archer Armor
38:38 Elite Skirmisher
39:21 Bodkin Arrow
40:13 Hand Cart
41:09 Chemistry
40:23 Capped Ram
42:59 Two-Man Saw
42:07 Heavy Plow
41:58 Stone Mining
42:04 Siege Ram
44:47 Stone Shaft Mining
44:45 Crop Rotation
Señor JP
2:32 Loom
11:37 Feudal Age
12:12 Horse Collar
12:19 Double-Bit Axe
19:55 Castle Age
18:13 Gold Mining
18:26 Stone Mining
23:20 Wheelbarrow
23:14 Bow Saw
25:21 Hand Cart
28:54 Imperial Age
26:59 Fletching
26:58 Town Watch
29:15 Ballistics
30:45 Chemistry
30:42 Bloodlines
30:33 Husbandry
30:46 Husbandry
30:56 Bloodlines
30:07 Light Cavalry
30:55 Scale Barding Armor
30:45 Bodkin Arrow
31:00 Forging
31:43 Drill
31:17 Heavy Scorpion
35:09 Siege Engineers
35:00 Murder Holes
35:17 Masonry
37:16 Capped Ram
37:33 Hussar
38:31 Forging
38:41 Chain Barding Armor
38:16 Bodkin Arrow
39:16 Siege Ram
43:46 Onager
WoodElf2501
10:05 Feudal Age
14:52 Castle Age
13:20 Stone Mining
13:58 Double-Bit Axe
14:15 Loom
21:26 Fletching
26:38 Wheelbarrow
27:09 Bodkin Arrow
29:15 Horse Collar
32:39 Imperial Age
31:13 Padded Archer Armor
31:26 Bow Saw
31:05 Town Watch
32:09 Leather Archer Armor
32:17 Heavy Plow
33:25 Bracer
34:44 Ring Archer Armor
34:37 Ballistics
35:18 Chemistry
35:22 Elite Chu Ko Nu
36:55 Fortified Wall
37:12 Hand Cart
36:58 Town Patrol
38:17 Conscription
39:59 Stone Shaft Mining
Shisui
10:08 Feudal Age
13:54 Castle Age
11:55 Double-Bit Axe
15:57 Bow Saw
15:43 Horse Collar
19:09 Loom
19:10 Town Watch
23:09 Wheelbarrow
27:53 Fletching
29:08 Bodkin Arrow
32:37 Heavy Plow
37:57 Imperial Age
37:03 Ballistics
38:30 Padded Archer Armor
39:12 Bracer
MUSI
10:50 Feudal Age
14:40 Castle Age
12:36 Horse Collar
13:13 Double-Bit Axe
16:21 Bow Saw
18:47 Heavy Plow
22:15 Wheelbarrow
21:54 Loom
21:56 Town Watch
22:29 Gold Mining
22:32 Stone Mining
23:59 Scale Barding Armor
24:11 Forging
24:51 Gold Shaft Mining
24:29 Bloodlines
26:38 Chain Barding Armor
27:50 Iron Casting
28:59 Husbandry
30:58 Scale Mail Armor
31:02 Squires
30:48 Arson
31:09 Fletching
32:05 Hand Cart
32:59 Chain Mail Armor
32:42 Bodkin Arrow
36:01 Imperial Age
Connection lost

Rejoining the realm…

Still unreachable

The connection could not be restored.

Session expired

The server has moved on; the page needs a fresh start.